AoeStats
← [PSCH] R!ce

Nomad

506453320Analyzed
3v3 RM · 19d ago on Sep 13, 2026· 83m 10s· 6 players
Game mode
Random Map
Map size
210×210
Population
200
Speed
Normal
Resources
Standard
Victory
Conquest
Starting age
Dark Age
Ending age
Imperial Age
RankedLock teamsTeams togetherTeam positionsShared explorationLock speedFull tech treeHidden civsTurbo modeCheats
Victory
Defeat
🇨🇭 Italians · Switzerland
1444
+16
🇨🇭 Khitans · Switzerland
1443
+16
🇨🇭 Aztecs · Switzerland
1402
+17
🇮🇳 Hindustanis · India
1465
-19
🇮🇳 Mongols · India
1464
-17
🇬🇧 Berbers · United Kingdom
1367
-13
[PSCH] wolverito
3:38 Loom
14:17 Feudal Age
18:34 Castle Age
16:55 Scale Mail Armor
16:51 Double-Bit Axe
18:25 Forging
18:10 Gold Mining
18:49 Fishing Lines
18:43 Eagle Warrior
22:58 Squires
23:59 Chain Mail Armor
23:59 Elite Skirmisher
24:55 Arson
25:28 Fletching
26:39 Padded Archer Armor
28:18 Bodkin Arrow
30:21 Iron Casting
31:12 Wheelbarrow
37:00 Hand Cart
38:03 Leather Archer Armor
37:56 Arson
42:41 Imperial Age
43:03 Pikeman
43:59 Elite Eagle Warrior
46:06 Chemistry
45:52 Ballistics
46:07 Bracer
48:41 Plate Mail Armor
49:56 Blast Furnace
49:19 Conscription
49:21 Atlatl
51:25 Elite Jaguar Warrior
73:51 Garland Wars
[PSCH] R!ce
5:36 Loom
13:40 Feudal Age
15:40 Double-Bit Axe
16:09 Horse Collar
18:31 Castle Age
16:38 Fishing Lines
20:39 Fletching
21:18 Bodkin Arrow
21:57 Bow Saw
22:03 Padded Archer Armor
25:14 Ballistics
27:49 Gold Mining
32:04 Imperial Age
30:18 Bloodlines
30:23 Light Cavalry
31:49 Leather Archer Armor
32:47 Scale Barding Armor
33:49 Chemistry
33:24 Bracer
34:48 Scale Barding Armor
35:51 Chain Barding Armor
39:35 Plate Barding Armor
40:50 Cavalier
51:31 Ring Archer Armor
53:44 Elite Skirmisher
58:40 Thumb Ring
66:51 Caravan
69:53 Pirotechnia
79:59 Wheelbarrow
[PSCH] Reh
4:19 Loom
14:01 Feudal Age
14:29 Double-Bit Axe
14:44 Gold Mining
17:41 Fletching
18:04 Forging
21:07 Castle Age
21:00 Fletching
22:06 Medium Warships
22:23 Bow Saw
22:45 Bodkin Arrow
24:18 Fishing Lines
25:42 Wheelbarrow
25:51 Stone Mining
25:31 Elite Skirmisher
26:17 Domestication
27:04 Padded Archer Armor
27:49 Gillnets
28:32 Ballistics
29:47 Leather Archer Armor
29:45 Masonry
30:02 Town Watch
34:24 Imperial Age
32:15 Husbandry
32:30 Scale Barding Armor
33:40 Hand Cart
34:56 Chain Barding Armor
35:11 Iron Casting
36:15 Plate Barding Armor
35:48 Elite Steppe Lancer
37:20 Pastoralism
38:18 Iron Casting
38:37 Town Patrol
39:12 Bracer
40:22 Chemistry
39:02 Treadmill Crane
42:06 Transhumance
42:41 Ring Archer Armor
42:10 Heated Shot
43:58 Siege Engineers
48:13 Scale Mail Armor
49:23 Chain Mail Armor
50:00 Murder Holes
49:52 Elite Fire Lancer
51:03 Plate Mail Armor
51:15 Squires
53:43 Conscription
52:59 Elite Liao Dao
61:19 Light Cavalry
62:29 Hussar
69:07 Ordo Cavalry
70:41 Two-Man Saw
74:12 Ordo Cavalry
82:11 Heavy Rocket Cart
rokage
3:39 Loom
13:01 Feudal Age
13:49 Double-Bit Axe
16:22 Horse Collar
23:08 Castle Age
24:44 Medium Warships
23:55 Demolition Ship
24:53 Fishing Lines
27:11 Gillnets
32:23 Bow Saw
34:15 Heavy Plow
39:34 Fletching
39:45 Padded Archer Armor
40:54 Wheelbarrow
42:03 Hand Cart
47:11 Imperial Age
45:14 Scale Barding Armor
45:20 Forging
45:06 Bodkin Arrow
45:27 Leather Archer Armor
46:01 Husbandry
46:11 Bloodlines
45:23 Light Cavalry
47:31 Chain Barding Armor
47:47 Iron Casting
49:42 Heavy Camel Rider
51:32 Heavy Camel Rider
52:32 Hussar
54:47 Plate Barding Armor
55:40 Conscription
57:56 Blast Furnace
Seetha
5:28 Loom
13:00 Feudal Age
14:10 Town Watch
17:02 Castle Age
16:10 Double-Bit Axe
17:05 Horse Collar
18:49 Bow Saw
21:53 Wheelbarrow
24:40 Gold Mining
25:35 Hand Cart
27:21 Scale Mail Armor
27:31 Forging
29:10 Arson
29:32 Squires
30:27 Chain Mail Armor
30:22 Forging
31:50 Forging
35:34 Imperial Age
35:07 Iron Casting
34:48 Scale Barding Armor
36:14 Gold Shaft Mining
35:30 Stone Mining
36:40 Conscription
38:12 Conscription
37:17 Elite Ghulam
40:04 Blast Furnace
39:16 Heavy Plow
41:38 Arson
43:37 Chain Barding Armor
45:22 Plate Barding Armor
46:22 Ballistics
45:53 Fletching
48:19 Bodkin Arrow
51:11 Bracer
53:22 Stone Shaft Mining
52:53 Grand Trunk Road
52:53 Shatagni
52:59 Siege Elephant
56:47 Chemistry
55:58 Masonry
58:14 Shatagni
58:15 Padded Archer Armor
60:24 Two-Man Saw
60:05 Leather Archer Armor
62:09 Ring Archer Armor
68:51 Light Cavalry
69:41 Bloodlines
69:31 Husbandry
71:17 Hussar
Invincius
5:08 Loom
12:22 Feudal Age
16:38 Castle Age
15:41 Double-Bit Axe
15:53 Fletching
19:01 Bodkin Arrow
24:21 Town Watch
27:25 Ballistics
28:13 Padded Archer Armor
29:26 Bloodlines
29:16 Husbandry
29:57 Husbandry
30:39 Gold Mining
30:36 Horse Collar
32:55 Thumb Ring
36:34 Imperial Age
36:21 Light Cavalry
37:20 Leather Archer Armor
36:45 Elite Mangudai
37:42 Bracer
37:23 Light Cavalry
39:27 Chemistry
40:13 Hussar
44:55 Gold Shaft Mining
50:04 Stone Mining
51:29 Stone Shaft Mining
51:22 Scale Barding Armor
51:27 Forging
Connection lost

Rejoining the realm…

Still unreachable

The connection could not be restored.

Session expired

The server has moved on; the page needs a fresh start.